 Dungeon Crawl Stone Soup version 0.31-a0-210-gccc998df9b (webtiles) character file.

Game seed: 12239488392747123260

996 qw the Chopper (level 8, -4/49 HPs)
             Began as a Gargoyle Fighter on June 30, 2023.
             Killed from afar by an orc wizard (6 damage)
             ... with a magic dart
             ... on level 5 of the Dungeon.
             The game lasted 00:02:32 (4180 turns).

qw the Chopper (Gargoyle Fighter)                   Turns: 4180, Time: 00:02:33

Health: -4/49      AC: 18    Str: 23    XL:     8   Next: 19%
Magic:  8/8        EV:  8    Int:  8    God:
Gold:   279        SH:  0    Dex:  9    Spells: 7/7 levels left

rFire   . . .        Y - +0 war axe
rCold   . . .        c - +0 buckler
rNeg    + . .        o - +0 chain mail
rPois   inf          g - +1 helmet
rElec   +            (no cloak)
rCorr   .            k - +0 pair of gloves
SInv    .            (no boots)
Will    .....        (no amulet) Stlth
                     (no ring)
HPRegen 0.28/turn    (no ring)
MPRegen 0.11/turn

%: no passive effects
@: confused
A: sickness immunity, AC +5, negative energy resistance 1, electricity
resistance, torment resistance 1, petrification resistance
a: no special abilities


You were on level 5 of the Dungeon.
You visited 1 branch of the dungeon, and saw 5 of its levels.

You collected 279 gold pieces.


Innate Abilities, Weirdness & Mutations

You are immune to sickness and miasma.
Your stone body is resilient. (AC +5)
You are immune to poison.
You resist negative energy. (rN+)
You are resistant to electric shocks. (rElec)
You are resistant to unholy torment.
You are immune to petrification.


   Skills:
 - Level 5.0 Fighting
 + Level 7.7 Axes
 - Level 3.2 Armour
 - Level 1.7 Dodging
 - Level 3.2 Shields


You had 7 spell levels left.
You didn't know any spells.
Your spell library was empty.

Inventory:

Hand Weapons
 b - a +0 mace
 Y - a +0 war axe (weapon)
Armour
 c - a +0 buckler (worn)
 e - a +2 ring mail of cold resistance
 g - a +1 helmet (worn)
 k - a +0 pair of gloves (worn)
 o - a +0 chain mail (worn)
Scrolls
 a - a scroll of identify
 h - 2 scrolls of teleportation
Potions
 d - 2 potions of might
 f - a potion of mutation {unknown}
 i - 2 potions of curing
 j - a potion of lignification
 l - a potion of attraction {unknown}

Dungeon Overview and Level Annotations

Branches:
Dungeon (5/15)
 Temple: D:4-7

Altars:
Hepliaklqana
Kikubaaqudgha
Nemelex Xobeh
Sif Muna
Yredelemnul

Shops:
D:1 =

Annotations:
D:5 2 transporters, Menkaure


Message History

Enter note:
Enter note:
Enter note:
Enter note:
Enter note: You bump into the stone wall.
Something hits you!
You miss something.
You hear some strange, mumbled words.
You are more confused.
You closely miss something. Something hits you.
You're too confused to move!
You hear some strange, mumbled words.
A puff of flame appears from out of thin air!
The puff of flame hits you but does no damage.
You completely miss something. Something hits you but does no damage.
Something hits you but does no damage. Something hits you. Something hits you.
You closely miss something. Something hits you. Something hits you!
You bump into the stone wall.
Something hits you but does no damage.
You slash something!
You feel less confused. Something hits you.
You barely miss something.
You hear some strange, mumbled words.
You are confused.
You hear some strange, mumbled words.
Something tries to affect you, but you resist.
You closely miss something. Something hits you!
Something hits you but does no damage.
A magic dart appears from out of thin air!
The magic dart hits you.
You die...

##......#.##¤¤¤##..# # #
##...######¤¤¤#)..## # ## #...#
#¤¤¤#....## # .## ##...##
#¤¤¤#.....## # #.## ##.....##
#¤¤¤#<.....## # ##.###..###..#
#¤¤¤#.......##### ##.....#
#######¤¤¤######....##. #....##
#../¤¤{¤¤...###...... ##...#
#._.@¤#...8.#.##..... ##<...##
#...........#........ ##......##
#####...#####........
#...###..####...#...#...........#
...## ###.....###._.#..>........#
..## ####### #...#.....>.....#
..# #####....#####..# ..# ##...#
##.. ..# ##..# ##.


There were no monsters in sight!

Vanquished Creatures
  Eustachio (D:4)
  A phantom (D:5)
  Blork the orc (D:4)
  3 scorpions
  6 hounds
  3 iguanas (D:5)
  An orc wizard (D:5)
  A sleepcap (D:5)
  Robin (D:4)
  13 adders
  An ufetubus (D:4)
  4 worms
  2 dart slugs
  6 orcs
  2 ball pythons
  6 bats
  4 endoplasms
  8 giant cockroaches
  7 hobgoblins
  6 jackals
  3 kobolds (D:1)
  2 quokkas
  2 frilled lizards (D:2)
  21 goblins
  6 rats
111 creatures vanquished.

Notes
Turn   | Place    | Note
-------+----------+-------------------------------------------
     0 | D:1      | qw the Gargoyle Fighter began the quest for the Orb.
     0 | D:1      | Reached XP level 1. HP: 14/14 MP: 1/1
     0 | D:1      | 0 ||| qw: Version: 0.3-a-24-ga2abf7b
     0 | D:1      | 0 ||| qw: Game counter: 7084
     0 | D:1      | 0 ||| qw: Melee chars always use a shield: true
     0 | D:1      | 0 ||| qw: God list: Okawaru
     0 | D:1      | 0 ||| qw: Allow faded altars: false
     0 | D:1      | 0 ||| qw: Do Orc after clearing Dungeon:15 true
     0 | D:1      | 0 ||| qw: Do second Lair branch before Depths: true
     0 | D:1      | 0 ||| qw: Lair rune preference: random
     0 | D:1      | 0 ||| qw: Goals: Normal, Zot:1-4, Slime:5, God:TSO, Crypt,
                  | Tomb, Abyss, Pan, Hells, Win
     0 | D:1      | 0 ||| PLANNING D:1-11
    56 | D:1      | 56 ||| Stepping ~*~*~tactically~*~*~ (stealth).
    59 | D:1      | Reached skill level 2 in Axes
   116 | D:1      | Found Curotojo's Jewellery Shoppe.
   125 | D:1      | 125 ||| SHOPLISTING amulet "Loatep" {Faith Harm Str+2 SInv}
                  | (720 gold, have 10).
   125 | D:1      | 125 ||| SHOPLISTING amulet of faith (520 gold, have 10).
   125 | D:1      | 125 ||| SHOPLISTING amulet of regeneration (390 gold, have
                  | 10).
   125 | D:1      | 125 ||| SHOPLISTING ring of ice (325 gold, have 10).
   125 | D:1      | 125 ||| SHOPLISTING ring of positive energy (260 gold, have
                  | 10).
   125 | D:1      | 125 ||| SHOPLISTING ring of protection from fire (325 gold,
                  | have 10).
   125 | D:1      | 125 ||| SHOPLISTING ring of resist corrosion (260 gold,
                  | have 10).
   141 | D:1      | Reached XP level 2. HP: 18/19 MP: 2/2
   520 | D:1      | Reached skill level 3 in Axes
   800 | D:1      | 800 ||| UPGRADING to +0 chain mail.
   810 | D:1      | 810 ||| DROPPING +0 scale mail.
   811 | D:1      | 811 ||| READING scroll labelled BIFROO UNESH.
   812 | D:1      | 812 ||| READING scroll labelled IFIARI RUEJYU.
   813 | D:1      | 813 ||| READING scroll labelled UMACVU AWEULI.
   814 | D:1      | 814 ||| READING scroll labelled UFE SAOKKYRAU.
   817 | D:1      | 817 ||| READING scroll labelled CINE PANOMAA.
   818 | D:1      | 818 ||| READING scroll labelled UNA PIROALUW.
   819 | D:1      | 819 ||| DRINKING 2 purple potions.
   844 | D:1      | 844 ||| DRINKING 2 golden potions.
   854 | D:1      | 854 ||| DROPPING potion of ambrosia.
   884 | D:2      | 884 ||| Stepping ~*~*~tactically~*~*~ (hiding).
   890 | D:2      | Reached XP level 3. HP: 23/23 MP: 3/3
   926 | D:2      | 926 ||| Stepping ~*~*~tactically~*~*~ (hiding).
   927 | D:2      | 927 ||| Stepping ~*~*~tactically~*~*~ (hiding).
   929 | D:2      | 929 ||| Stepping ~*~*~tactically~*~*~ (stealth).
  1001 | D:2      | 1001 ||| DROPPING +0 club.
  1164 | D:2      | 1164 ||| Stepping ~*~*~tactically~*~*~ (stealth).
  1186 | D:2      | Reached XP level 4. HP: 24/28 MP: 4/4
  1326 | D:2      | Reached skill level 4 in Axes
  1434 | D:2      | 1434 ||| UPGRADING to +1 helmet.
  1439 | D:2      | 1439 ||| READING 2 scrolls of identify.
  1439 | D:2      | 1439 ||| IDENTIFYING blue potion
  1440 | D:2      | 1440 ||| DROPPING potion of brilliance.
  1483 | D:3      | Found a shimmering blue altar of Sif Muna.
  1486 | D:3      | 1486 ||| DROPPING +0 whip.
  1726 | D:3      | Reached XP level 5. HP: 32/32 MP: 5/5
  1881 | D:3      | 1881 ||| Stepping ~*~*~tactically~*~*~ (hiding).
  2137 | D:3      | 2137 ||| UPGRADING to +0 pair of gloves.
  2142 | D:3      | 2142 ||| READING scroll labelled NUCYIV COWEL.
  2143 | D:3      | 2143 ||| READING scroll labelled TENONO IBAREI.
  2160 | D:4      | Reached skill level 5 in Axes
  2210 | D:4      | Noticed Eustachio
  2216 | D:4      | 2216 ||| Stepping ~*~*~tactically~*~*~ (hiding).
  2237 | D:4      | 2237 ||| FLEEEEING.
  2250 | D:4      | HP: 7/32 [white imp/puff of frost[Eustachio] (3)]
  2251 | D:4      | 2251 ||| READING 2 scrolls of teleportation.
  2254 | D:4      | 2254 ||| FLEEEEING.
  2255 | D:4      | 2255 ||| FLEEEEING.
  2379 | D:4      | 2379 ||| Stepping ~*~*~tactically~*~*~ (stealth).
  2424 | D:4      | 2424 ||| Stepping ~*~*~tactically~*~*~ (stealth).
  2429 | D:4      | 2429 ||| Stepping ~*~*~tactically~*~*~ (stealth).
  2430 | D:4      | 2430 ||| Stepping ~*~*~tactically~*~*~ (stealth).
  2457 | D:4      | Killed Eustachio
  2458 | D:4      | Reached XP level 6. HP: 35/38 MP: 6/6
  2475 | D:4      | Noticed Blork the orc
  2493 | D:4      | Killed Blork the orc
  2494 | D:4      | Reached skill level 6 in Axes
  2769 | D:4      | Found a sparkling altar of Nemelex Xobeh.
  2867 | D:4      | 2867 ||| Stepping ~*~*~tactically~*~*~ (stealth).
  2885 | D:4      | Noticed Robin
  2890 | D:4      | 2890 ||| FLEEEEING.
  2891 | D:4      | 2891 ||| FLEEEEING.
  2894 | D:4      | Reached XP level 7. HP: 40/43 MP: 7/7
  2898 | D:4      | Killed Robin
  3036 | D:4      | Reached skill level 1 in Dodging
  3065 | D:4      | 3065 ||| Stepping ~*~*~tactically~*~*~ (stealth).
  3066 | D:4      | 3066 ||| Stepping ~*~*~tactically~*~*~ (stealth).
  3098 | D:4      | 3098 ||| READING 2 scrolls of identify.
  3098 | D:4      | 3098 ||| IDENTIFYING clear potion
  3099 | D:4      | 3099 ||| DROPPING potion of degeneration.
  3139 | D:5      | Entered Level 5 of the Dungeon
  3139 | D:5      | Found a transporter.
  3141 | D:5      | 3141 ||| Stepping ~*~*~tactically~*~*~ (stealth).
  3142 | D:5      | 3142 ||| Stepping ~*~*~tactically~*~*~ (stealth).
  3143 | D:5      | 3143 ||| Stepping ~*~*~tactically~*~*~ (stealth).
  3194 | D:5      | 3194 ||| Stepping ~*~*~tactically~*~*~ (stealth).
  3206 | D:5      | 3206 ||| Stepping ~*~*~tactically~*~*~ (stealth).
  3208 | D:5      | 3208 ||| Stepping ~*~*~tactically~*~*~ (hiding).
  3239 | D:5      | 3239 ||| Stepping ~*~*~tactically~*~*~ (stealth).
  3294 | D:5      | Found a transporter.
  3303 | D:5      | Noticed Menkaure
  3364 | D:5      | Reached skill level 7 in Axes
  3569 | D:5      | Reached XP level 8. HP: 49/49 MP: 8/8
  3744 | D:5      | Found an ancient bone altar of Kikubaaqudgha.
  3751 | D:5      | Found a basalt altar of Yredelemnul.
  4025 | D:5      | Identified the +6 short sword "Melaf" {speed, Will+ Int+6}
  4158 | D:5      | 4158 ||| Stepping ~*~*~tactically~*~*~ (hiding).
  4160 | D:5      | Found a faded altar of an unknown god.
  4165 | D:5      | Found a hazy altar of Hepliaklqana.
  4175 | D:5      | HP: 11/49 [something (7)]
  4179 | D:5      | HP: 1/49 [something (10)]
  4180 | D:5      | Killed from afar by an orc wizard

Levels and vault maps discovered:
D:1:      moated_graveyard_arrival, layout_basic, serial_shops, shop,
          kennysheep_boxes
D:2:      layout_rooms, chequers_serial_rivers_micro_c
D:3:      layout_basic, mainiacjoe_overflow_cross_hatched
D:4:      layout_basic, kennysheep_mini, roderic_lattice_a, uniq_robin,
          uniq_eustachio, uniq_blork_the_orc
D:5:      layout_layer_cave, beargit_hepliaklqana_dungeon_heroes,
          gammafunk_temple_of_torment, kennysheep_nub

Skill      XL: |  1  2  3  4  5  6  7 |
---------------+----------------------+-----
Axes           | 2 3 4 5 6 7 |  7.7
Fighting       | 4 5 |  5.0
Dodging        | 1 |  1.7
Armour         | |  3.2
Shields        | |  3.2

Action                     |  1- 3 |  4- 6 |  7- 9 || total
---------------------------+-------+-------+-------++-------
  Melee: War axe           |   119 |   195 |   148 ||   462
    Use: Scroll            |     6 |     4 |     1 ||    11
         Potion            |     2 |       |       ||     2
 Armour: Scale mail        |    26 |       |       ||    26
         Chain mail        |    36 |   122 |   107 ||   265
  Dodge: Dodged            |    55 |    90 |    44 ||   189
  Block: Buckler           |    34 |    37 |    28 ||    99

Table legend:
 A = Non-vault XP
 B = Vault XP
 C = Vault XP percentage of total XP
 D = Non-vault monster count
 E = Vault monster count
 F = Vault count percentage of total count
                 A         B        C        D         E       F
            +---------+---------+-------+---------+---------+-------
      Total |    1100 |     323 |  22.7 |      96 |      15 |  13.5
            +---------+---------+-------+---------+---------+-------
        D:1 |      31 |       0 |   0.0 |      18 |       0 |   0.0
        D:2 |      75 |       0 |   0.0 |      22 |       0 |   0.0
        D:3 |     110 |       0 |   0.0 |      15 |       0 |   0.0
        D:4 |     208 |     323 |  60.8 |      20 |      15 |  42.9
        D:5 |     676 |       0 |   0.0 |      21 |       0 |   0.0
            +---------+---------+-------+---------+---------+-------
